 Dungeon Crawl Stone Soup version 0.19-a0-1886-gd64a0f0 (webtiles) character file.

170 kae the Slasher (level 5, -6/34 HPs)
             Began as a High Elf Gladiator on Oct 15, 2016.
             Mangled by an ogre
             ... wielding a +0 giant spiked club
              (14 damage)
             ... on level 3 of the Dungeon.
             The game lasted 00:04:35 (3234 turns).

kae the Slasher (High Elf Gladiator)                Turns: 3234, Time: 00:04:36

Health: -6/34      AC:  5    Str: 15    XL:     5   Next: 26%
Magic:  6/6        EV: 13    Int: 11    God:
Gold:   163        SH:  0    Dex: 16    Spells: 0 memorised, 4 levels left

rFire  . . .     SeeInvis .     a - +0 long sword
rCold  . . .     Gourm    .     b - +0 leather armour
rNeg   . . .     Faith    .     (no shield)
rPois  .         Spirit   .     c - +0 helmet
rElec  .         Dismiss  .     (no cloak)
rCorr  .         Reflect  .     (no gloves)
MR     .....     Harm     .     m - +0 pair of boots
Stlth  +.........               (no amulet)
                                (no ring)
                                (no ring)

@: no status effects
A: no striking features
a: no special abilities


You were on level 3 of the Dungeon.
You were not hungry.

You visited 1 branch of the dungeon, and saw 4 of its levels.

You collected 163 gold pieces.

Inventory:

Hand Weapons
 a - a +0 long sword (weapon)
Missiles
 d - 3 throwing nets (quivered)
Armour
 b - a +0 leather armour (worn)
 c - a +0 helmet (worn)
 m - a +0 pair of boots (worn)
Jewellery
 o - an uncursed ring of magical power {unknown}
 r - an uncursed amulet of harm {unknown}
 w - an uncursed ring of positive energy {unknown}
Scrolls
 e - 3 scrolls of magic mapping {unknown}
 g - a scroll of immolation {unknown}
 i - 2 scrolls of recharging {unknown}
 j - 6 scrolls of identify {unknown}
 k - a scroll of amnesia {unknown}
 l - 2 scrolls of noise {unknown}
 p - 2 scrolls of remove curse {unknown}
 s - 2 scrolls of random uselessness {unknown}
Potions
 h - a potion of beneficial mutation {unknown}
 q - a potion of flight {unknown}
 v - a potion of curing
 x - a potion of degeneration {unknown}
Comestibles
 f - 4 bread rations
 n - 2 meat rations
 t - 2 fruits
 u - a slice of pizza
 z - 5 chunks of flesh


   Skills:
 - Level 2.0 Fighting
 + Level 7.2 Long Blades
 - Level 2.0 Throwing
 - Level 3.2 Dodging


You had 4 spell levels left.
You didn't know any spells.

Dungeon Overview and Level Annotations

Branches:
Dungeon (4/15)
 Temple: D:4-7

Altars:
Xom


Message History

The ogre hits you with a giant spiked club!
You climb upwards.
There is a stone staircase leading down here.
You slash the ogre!
The ogre is moderately wounded.
The ogre hits you with a giant spiked club!
* * * LOW HITPOINT WARNING * * *
You slash the ogre!
The ogre is heavily wounded.
You hit the ogre.
The ogre is severely wounded.
The ogre closely misses you.
You riposte.
You barely miss the ogre.
The ogre is severely wounded.
You hit the ogre but do no damage.
The ogre is severely wounded.
The ogre closely misses you.
You hit the ogre.
The ogre is severely wounded.
The ogre hits you with a giant spiked club!
You die...

########## #........# #........#
### #........# ..## #.@......#
...## #.O......# ....#
###........# ....# ##..........#
# ....# ##..#........# #######
....# ##..##........# #......
....######..###........####.#####
...........#####.###..###...#
...#.########....#....##....#


You could see an ogre.

Vanquished Creatures
  Terence (D:2)
  5 adders
  3 gnolls (D:3)
  An ooze (D:1)
  2 worms
  A dart slug (D:4)
  3 leopard geckos (D:1)
  An orc (D:3)
  3 giant cockroaches (D:3)
  5 goblins
  7 hobgoblins
  4 jackals (D:2)
  3 quokkas
  6 bats
  5 frilled lizards
  5 kobolds
  4 rats
59 creatures vanquished.

Notes
Turn   | Place    | Note
-------+----------+-------------------------------------------
     0 | D:1      | kae the High Elf Gladiator began the quest for the Orb.
     0 | D:1      | Reached XP level 1. HP: 14/14 MP: 2/2
    79 | D:1      | Reached skill level 4 in Long Blades
   115 | D:1      | Reached XP level 2. HP: 17/19 MP: 3/3
   668 | D:2      | Reached skill level 5 in Long Blades
   668 | D:2      | Reached XP level 3. HP: 24/24 MP: 4/4
  1077 | D:2      | Found a shimmering altar of Xom.
  1233 | D:2      | Noticed Terence
  1497 | D:2      | Killed Terence
  1497 | D:2      | Reached skill level 6 in Long Blades
  1497 | D:2      | Reached XP level 4. HP: 10/29 MP: 5/5
  2809 | D:3      | Reached XP level 5. HP: 34/34 MP: 6/6
  2848 | D:3      | Reached skill level 7 in Long Blades
  3224 | D:4      | Noticed an ogre
  3224 | D:4      | Noticed an ogre
  3234 | D:3      | Mangled by an ogre

Vault maps used:
D:1:      minmay_arrival_diagonal_passages
D:2:      brannock_xom_greatest_gift, uniq_terence
D:3:      first_bread

Skill      XL: |  1  2  3  4  5 |
---------------+----------------+-----
Long Blades    | 4 5 6 7 |  7.2
Fighting       | |  2.0
Throwing       | |  2.0
Dodging        | |  3.2

Action                   |  1- 3 |  4- 6 || total
-------------------------+-------+-------++-------
Melee: Long sword        |    93 |    84 ||   177
  Use: Potion            |     1 |     1 ||     2
 Stab: Sleeping          |     1 |       ||     1
  Eat: Chunk             |     1 |     5 ||     6
       Fruit             |       |     2 ||     2
Armor: Leather armour    |    36 |    20 ||    56
Dodge: Dodged            |    56 |    44 ||   100
       Rpst.: Long sword |    20 |    14 ||    34
